General information
			
			
        
        - name: BNet
 
        - type: Ladder team game (AT/RT)
 
        - host: Battle.net
 
        - saver: iggy_the_fisk
 
        
map: GnollWood 
        - players: 6
 
        - length: 13:47
 
        - speed: Fast
 - version: 1.22 W3XP
 - replay type:  

 
» download(108 KB)
Players
        team 1 (loser) 
              
              
5Me0Jay (
green | 80 APM | 1096 actions | 13:38)
              
 3 Priestess of the Moon 
 1 Searing Arrows
 2 Trueshot Aura
 
                » actions 
                
                | Assign group hotkey | 24 |  | 
| Build / train | 42 |  | 
| Enter build submenu | 12 |  | 
| Enter hero's abilities submenu | 3 |  | 
| Right click | 632 |  | 
| Select / deselect | 199 |  | 
| Select group hotkey | 166 |  | 
| Use ability | 18 |  | 
                1096 total
 » units 
                
                | Wisp | 16 |  | 
| Huntress | 10 |  | 
| Glaive Thrower | 7 |  | 
                33 total
 » upgrades
                
                | Strength of the Moon | 1 |  | 
| Moon Armor | 1 |  | 
| Ultravision | 1 |  | 
                3 total
 » buildings
                
                | Altar of Elders | 1 |  | 
| Moon Well | 5 |  | 
| Hunter's Hall | 1 |  | 
| Ancient of War | 2 |  | 
| Ancient Protector | 2 |  | 
                11 total
 » build order
                00:08 Altar of Elders
00:11 Moon Well
01:33 Hunter's Hall
02:00 Ancient of War
02:14 Ancient of War
02:35 Moon Well
04:09 Moon Well
04:27 Ancient Protector
05:45 Moon Well
07:08 Ancient Protector
07:52 Moon Well
» items
                
                | Scroll of Town Portal | 1 |  | 
| Potion of Lesser Invulnerability | 1 |  | 
                2 total
  
               
              
              
FrozeN.PhoeniX (
orange | 46 APM | 631 actions | 13:40)
              
 1 Death Knight 
 1 Death Coil
 
                » actions 
                
                | Assign group hotkey | 14 |  | 
| Basic commands | 17 |  | 
| Build / train | 20 |  | 
| ESC pressed | 1 |  | 
| Enter build submenu | 12 |  | 
| Enter hero's abilities submenu | 1 |  | 
| Right click | 232 |  | 
| Select / deselect | 233 |  | 
| Select group hotkey | 66 |  | 
| Use ability | 35 |  | 
                631 total
 » units 
                
                | Acolyte | 2 |  | 
| Ghoul | 1 |  | 
| Crypt Fiend | 8 |  | 
                11 total
 » buildings
                
                | Graveyard | 1 |  | 
| Crypt | 1 |  | 
| Ziggurat | 2 |  | 
| Altar of Darkness | 1 |  | 
| Tomb of Relics | 1 |  | 
| Nerubian Tower | 3 |  | 
                9 total
 » build order
                00:10 Graveyard
00:13 Crypt
00:17 Ziggurat
00:36 Altar of Darkness
01:33 Tomb of Relics
01:56 Ziggurat
03:02 Nerubian Tower
03:03 Nerubian Tower
» items
                 
               
              
              
WeNcH- (
teal | 82 APM | 1134 actions | 13:45)
              
 3 Keeper of the Grove 
 2 Entangling Roots
 1 Force of Nature
 
                » actions 
                
                | Assign group hotkey | 22 |  | 
| Basic commands | 41 |  | 
| Build / train | 41 |  | 
| Enter build submenu | 12 |  | 
| Enter hero's abilities submenu | 3 |  | 
| Right click | 593 |  | 
| Select / deselect | 121 |  | 
| Select group hotkey | 265 |  | 
| Use ability | 36 |  | 
                1134 total
 » units 
                
                | Wisp | 10 |  | 
| Huntress | 8 |  | 
| Druid of the Claw | 8 |  | 
| Archer | 1 |  | 
                27 total
 » upgrades
                
                | Druid of the Claw Training | 2 |  | 
| Strength of the Wild | 1 |  | 
                3 total
 » buildings
                
                | Altar of Elders | 1 |  | 
| Moon Well | 6 |  | 
| Hunter's Hall | 1 |  | 
| Ancient of War | 2 |  | 
| Tree of Ages | 3 |  | 
| Tree of Eternity | 2 |  | 
| Ancient of Lore | 2 |  | 
                17 total
 » build order
                00:09 Altar of Elders
00:19 Moon Well
01:49 Hunter's Hall
01:53 Ancient of War
02:07 Ancient of War
02:19 Moon Well
02:32 Moon Well
04:41 Tree of Ages
04:41 Tree of Ages
06:36 Moon Well
06:40 Moon Well
07:04 Tree of Eternity
07:04 Tree of Eternity
07:08 Ancient of Lore
07:12 Ancient of Lore
10:46 Moon Well
 
               team 2 (winner) 
              
              
» 
iggy_the_fisk (
blue | 111 APM | 1530 actions | 13:47)
              
 4 Death Knight 
 2 Death Coil
 2 Unholy Aura
 
                » actions 
                
                | Assign group hotkey | 198 |  | 
| Basic commands | 22 |  | 
| Build / train | 40 |  | 
| Enter build submenu | 14 |  | 
| Enter hero's abilities submenu | 4 |  | 
| Remove unit from queue | 2 |  | 
| Right click | 793 |  | 
| Select / deselect | 212 |  | 
| Select group hotkey | 191 |  | 
| Use ability | 54 |  | 
                1530 total
 » units 
                
                | Acolyte | 2 |  | 
| Ghoul | 2 |  | 
| Crypt Fiend | 20 |  | 
                24 total
 » upgrades
                
                | Creature Attack | 1 |  | 
| Web | 1 |  | 
| Burrow | 1 |  | 
| Creature Carapace | 1 |  | 
                4 total
 » buildings
                
                | Crypt | 1 |  | 
| Graveyard | 1 |  | 
| Altar of Darkness | 1 |  | 
| Ziggurat | 6 |  | 
| Tomb of Relics | 2 |  | 
| Nerubian Tower | 1 |  | 
| Halls of the Dead | 1 |  | 
| Spirit Tower | 1 |  | 
                14 total
 » build order
                00:09 Crypt
00:21 Graveyard
00:43 Altar of Darkness
00:58 Ziggurat
01:25 Tomb of Relics
01:58 Ziggurat
02:00 Ziggurat
04:16 Nerubian Tower
05:37 Halls of the Dead
05:39 Ziggurat
07:02 Spirit Tower
12:52 Tomb of Relics
12:53 Ziggurat
13:06 Ziggurat
» items
                
                | Rod of Necromancy | 1 |  | 
| Scroll of Town Portal | 1 |  | 
                2 total
  
               
              
              
» 
NADMaN (
yellow | 124 APM | 1712 actions | 13:46)
              
 3 Archmage 
 2 Summon Water Elemental
 1 Brilliance Aura
 2 Mountain King 
 1 Storm Bolt
 1 Thunder Clap
 
                » actions 
                
                | Assign group hotkey | 8 |  | 
| Basic commands | 49 |  | 
| Build / train | 71 |  | 
| Enter build submenu | 29 |  | 
| Enter hero's abilities submenu | 6 |  | 
| Give item / drop item | 1 |  | 
| Right click | 716 |  | 
| Select / deselect | 267 |  | 
| Select group hotkey | 491 |  | 
| Use ability | 74 |  | 
                1712 total
 » units 
                » upgrades
                » buildings
                
                | Altar of Kings | 1 |  | 
| Farm | 4 |  | 
| Lumber Mill | 1 |  | 
| Scout Tower | 15 |  | 
| Arcane Tower | 2 |  | 
| Guard Tower | 27 |  | 
| Keep | 2 |  | 
| Town Hall | 1 |  | 
| Blacksmith | 1 |  | 
| Workshop | 2 |  | 
| Castle | 2 |  | 
                58 total
 » build order
                00:07 Altar of Kings
00:14 Farm
00:48 Lumber Mill
01:34 Farm
02:08 Scout Tower
02:13 Scout Tower
02:36 Scout Tower
02:37 Scout Tower
02:38 Scout Tower
02:41 Arcane Tower
02:57 Guard Tower
02:57 Guard Tower
03:04 Guard Tower
03:04 Guard Tower
03:05 Guard Tower
03:05 Guard Tower
03:38 Guard Tower
03:38 Guard Tower
03:55 Scout Tower
04:09 Scout Tower
04:18 Scout Tower
04:44 Guard Tower
04:44 Guard Tower
05:16 Keep
05:16 Keep
05:18 Guard Tower
05:49 Scout Tower
05:53 Scout Tower
06:14 Scout Tower
06:25 Guard Tower
06:26 Scout Tower
06:29 Scout Tower
06:33 Guard Tower
06:33 Guard Tower
06:41 Guard Tower
06:42 Guard Tower
06:45 Scout Tower
06:55 Guard Tower
06:57 Scout Tower
07:12 Guard Tower
07:12 Guard Tower
07:36 Town Hall
07:43 Guard Tower
07:43 Guard Tower
07:49 Blacksmith
08:28 Farm
09:05 Workshop
09:24 Workshop
13:03 Castle
13:07 Farm
 
               
              
              
» 
timg4strok (
red | 135 APM | 1866 actions | 13:46)
              
 3 Archmage 
 2 Summon Water Elemental
 1 Brilliance Aura
 1 Mountain King 
 1 Storm Bolt
 
                » actions 
                
                | Assign group hotkey | 16 |  | 
| Basic commands | 99 |  | 
| Build / train | 49 |  | 
| ESC pressed | 1 |  | 
| Enter build submenu | 29 |  | 
| Enter hero's abilities submenu | 4 |  | 
| Right click | 818 |  | 
| Select / deselect | 141 |  | 
| Select group hotkey | 645 |  | 
| Use ability | 64 |  | 
                1866 total
 » units 
                
                | Peasant | 14 |  | 
| Footman | 7 |  | 
| Sorceress | 2 |  | 
                23 total
 » upgrades
                » buildings
                
                | Altar of Kings | 1 |  | 
| Barracks | 1 |  | 
| Farm | 7 |  | 
| Lumber Mill | 1 |  | 
| Scout Tower | 18 |  | 
| Guard Tower | 9 |  | 
| Arcane Vault | 1 |  | 
| Keep | 1 |  | 
| Arcane Tower | 1 |  | 
| Arcane Sanctum | 2 |  | 
| Castle | 1 |  | 
                43 total
 » build order
                00:03 Altar of Kings
00:05 Barracks
00:09 Farm
00:47 Farm
01:45 Lumber Mill
02:11 Farm
02:59 Scout Tower
02:59 Scout Tower
03:21 Scout Tower
03:31 Guard Tower
03:54 Guard Tower
04:00 Guard Tower
04:16 Scout Tower
05:23 Scout Tower
05:23 Scout Tower
05:25 Scout Tower
05:26 Scout Tower
05:27 Farm
05:29 Scout Tower
05:32 Scout Tower
05:39 Arcane Vault
05:52 Guard Tower
05:57 Guard Tower
06:09 Guard Tower
06:29 Guard Tower
07:04 Keep
07:09 Scout Tower
07:37 Arcane Tower
07:48 Scout Tower
07:49 Scout Tower
10:11 Guard Tower
10:13 Arcane Sanctum
10:14 Arcane Sanctum
10:17 Farm
10:18 Farm
10:20 Farm
11:30 Scout Tower
11:30 Scout Tower
11:31 Scout Tower
11:32 Scout Tower
13:10 Castle
13:12 Guard Tower
» items
                
                | Scroll of Regeneration | 2 |  | 
| Scroll of Town Portal | 2 |  | 
| Potion of Healing | 2 |  | 
                6 total
  
                Chat log
          (00:26 / All) 5Me0Jay: u guys better pray that u get ud elf elf
(00:34 / All) 5Me0Jay: keep praying
(00:36 / All) 5Me0Jay: gogo
(00:41 / All) timg4strok: so we can garg feed like shitnoobs who dont know how to play?
(00:48 / All) WeNcH-: YES!!!
(00:49 / All) 5Me0Jay: yeah
(00:55 / All) 5Me0Jay: wow u hacking?
(01:19 / All) 5Me0Jay: wow how did u kno hacker
(05:04 / All) FrozeN.PhoeniX: haha
(05:12 / All) timg4strok: gg
(05:17 / All) timg4strok: you can leave now.
(07:21 / All) NADMaN: nice
(07:30 / All) timg4strok: hey we have 2 elves against hu hu undead lets stay we can win.
(07:40 / All) iggy_the_fisk: our hunts will defeat their towers
(07:44 / All) iggy_the_fisk: I mean it'¨s all we know how to make so
(07:50 / All) iggy_the_fisk: hunts and fiends all game every game
(13:34 / All) 5Me0Jay: gg
(13:41 / All) timg4strok: lmfao
(13:43 / All) timg4strok: leave retards